 Dungeon Crawl Stone Soup version 0.17-a0-469-g696e5a1 (webtiles) character file.

3542 Radiman the Geomancer (level 10, 0/63 HPs)
             Began as a Gargoyle Earth Elementalist on Apr 6, 2015.
             Was a Believer of Vehumet.
             Slain by a killer bee (4 damage)
             ... on level 9 of the Dungeon.
             The game lasted 01:09:32 (12687 turns).

Radiman the Geomancer (GrEE)                       Turns: 12687, Time: 01:09:32

Health: 0/63       AC: 12    Str: 12      XL:     10   Next: 9%
Magic:  3/17       EV: 12    Int: 22 (24) God:    Vehumet [**....]
Gold:   303        SH:  0    Dex: 10      Spells: 4 memorised, 7 levels left

rFire  . . .     SeeInvis .     B - +4 mace (drain)
rCold  . . .     Clarity  .     p - +2 robe {MR+}
rNeg   + . .     SustAb   .     (no shield)
rPois  ∞         Gourm    .     o - +0 helmet
rElec  +         Spirit   .     (no cloak)
rCorr  +         Warding  .     (no gloves)
rMut   .         Stasis   .     (no boots)
MR     +....                    y - amulet of resist corrosion
Stlth  ++........               u - ring of flight
                                g - ring of wizardry

@: brilliant, about to teleport, somewhat resistant to hostile enchantments,
unstealthy
A: negative energy resistance 1, electricity resistance, unbreathing,
petrification resistance, rot immunity, AC +7
a: Renounce Religion, Evoke Flight


You were on level 9 of the Dungeon.
You worshipped Vehumet.
Vehumet was pleased with you.
You were not hungry.

You visited 2 branches of the dungeon, and saw 10 of its levels.

You collected 303 gold pieces.

Inventory:

Hand weapons
 B - a +4 mace of draining (weapon)
 D - a +2 trident of piercing
 F - a +0 vampiric hand axe
Missiles
 b - 198 stones (quivered)
 k - 64 poisoned needles
Armour
 o - a +0 helmet (worn)
 p - a +2 robe of magic resistance (worn)
Magical staves
 h - an uncursed staff of cold
Jewellery
 g - a ring of wizardry (left hand)
 u - a ring of flight (right hand)
 y - an amulet of resist corrosion (around neck)
Magical devices
 c - a wand of cold (4)
 e - a wand of teleportation (0)
 f - a wand of magic darts (22)
Scrolls
 i - 4 scrolls of teleportation
 m - a scroll of fog
 C - 4 scrolls of remove curse
 I - a scroll of torment {unknown}
Potions
 j - a potion of berserk rage
 l - 3 potions of restore abilities
 q - a potion of ambrosia
 s - 2 potions of haste
 t - a potion of agility
 v - a potion of beneficial mutation
 w - a potion of invisibility
 x - a potion of brilliance
 z - 2 potions of might
Books
 d - a book of Geomancy

   Spells                             Type                      Level
   a - Sandblast                      Earth                        1
   b - Stoneskin                      Transmutation/Earth          2
   c - Passwall                       Transmutation/Earth          3
   d - Stone Arrow                    Conjuration/Earth            3
   e - Petrify                        Transmutation/Earth          4
   f - Lee's Rapid Deconstruction     Earth                        5
 n - a book of Enchantments

   Spells                             Type                      Level
   a - Cause Fear                     Hexes                        4
   b - Silence                        Hexes/Air                    5
   c - Deflect Missiles               Charms/Air                   6
   d - Haste                          Charms                       6
   e - Discord                        Hexes                        8
Comestibles
 a - 4 bread rations
 r - 2 meat rations
 A - a royal jelly
 E - a beef jerky
 H - a slice of pizza


   Skills:
 * Level 7.5 Fighting
 + Level 3.2 Armour
 + Level 3.2 Dodging
 - Level 2.1 Stealth
 + Level 4.6 Spellcasting
 - Level 6.2 Conjurations
 - Level 0.7 Transmutations
 - Level 10.0 Earth Magic
 + Level 2.7 Evocations


You had 7 spell levels left.
You knew the following spells:

 Your Spells              Type           Power        Failure   Level  Hunger
a - Sandblast             Erth           ######       1%          1    None
b - Stoneskin             Trmt/Erth      #####...     1%          2    None
c - Stone Arrow           Conj/Erth      ######       1%          3    ##.....
d - Lee's Rapid Deconstr  Erth           ######....   1%          5    #####..


Dungeon Overview and Level Annotations

Branches:
Dungeon (9/15)             Temple (1/1) D:4
   Lair: D:8-11         Orc: D:9-12

Altars:
Ashenzari
Cheibriados
Dithmenos
Elyvilon
Fedhas
Gozag
Kikubaaqudgha
Makhleb
Nemelex Xobeh
Okawaru
Qazlal
Ru
Sif Muna
Trog
Vehumet
Xom
Yredelemnul
Zin
The Shining One

Shops:
D:5 *

Annotations:
D:4 1 exclusion, Eustachio, Grinder
D:8 2 exclusions


Innate Abilities, Weirdness & Mutations

You are resistant to torment.
Your stone body is resilient (AC +7).
You are immune to poison.
You resist negative energy.
You are resistant to electric shocks.
You can survive without breathing.
You are immune to petrification.
You are immune to rotting.


Message History

* * * LOW HITPOINT WARNING * * *
The big kobold hits you.
* * * LOW HITPOINT WARNING * * *
All of the chunks of flesh in your inventory have rotted away.
It was a potion of brilliance.
You feel clever all of a sudden.
The killer bee stings you but does no damage.
The big kobold closely misses you. The killer bee misses you.
It was a potion of degeneration.
There was something very wrong with that liquid.
You feel dopey.
The killer bee stings you but does no damage.
The big kobold closely misses you.
The killer bee stings you but does no damage.
As you read the scroll of teleportation, it crumbles to dust.
You feel strangely unstable.
The killer bee stings you but does no damage.
The big kobold hits you but does no damage.
The killer bee stings you.
You die...

####+##
#.....#
#.....#
#...yK#
#...)@#
#######


You could see a big kobold and a killer bee.

Vanquished Creatures
  A wyvern (D:8)
  A hippogriff (D:8)
  A water moccasin (D:8)
  3 ice beasts
  2 phantoms
  A sky beast (D:7)
  3 ogres
  6 centaurs
  Blork the orc (Temple)
  A big kobold (D:7)
  A giant frog (D:6)
  A scorpion (D:6)
  4 killer bees (D:9)
  5 wights (D:6)
  2 goliath beetles
  3 crimson imps (D:5)
  3 iguanas
  5 orc priests
  6 hounds
  7 orc wizards
  4 worker ants
  Terence (D:3)
  A giant frog skeleton (D:6)
  2 hound skeletons
  A mummy (D:8)
  Robin (D:2)
  14 adders
  A shadow imp (D:8)
  2 worms
  An adder zombie (D:5)
  2 giant geckos
  3 oozes
  26 orcs
  2 ball pythons
  2 bat skeletons
  5 giant cockroaches
  7 hobgoblins
  2 jackals (D:7)
  23 kobolds
  3 quokkas
  13 bats
  5 giant newts
  A giant spore (D:8)
  18 goblins
  A jackal zombie (D:6)
  A quokka zombie (D:7)
  8 rats
  A ballistomycete (D:6)
  2 plants (D:1)
210 creatures vanquished.

Vanquished Creatures (others)
  An adder (D:6)
  A bat skeleton (D:5)
  A giant spore (D:6)
3 creatures vanquished.

Grand Total: 213 creatures vanquished

Notes
Turn   | Place    | Note
--------------------------------------------------------------
     0 | D:1      | Radiman, the Gargoyle Earth Elementalist, began the quest for the Orb.
     0 | D:1      | Reached XP level 1. HP: 10/10 MP: 3/3
   460 | D:1      | Reached skill level 4 in Earth Magic
   535 | D:1      | Reached XP level 2. HP: 15/15 MP: 1/5
   539 | D:1      | Learned a level 2 spell: Stoneskin
  1453 | D:2      | Reached skill level 5 in Earth Magic
  1453 | D:2      | Reached XP level 3. HP: 19/19 MP: 0/6
  1457 | D:2      | Noticed Robin
  1641 | D:2      | Killed Robin
  1800 | D:2      | Learned a level 3 spell: Stone Arrow
  1952 | D:2      | Reached XP level 4. HP: 24/24 MP: 0/7
  2030 | D:2      | Found a sparkling altar of Nemelex Xobeh.
  2122 | D:2      | Reached skill level 1 in Conjurations
  2395 | D:2      | Found a shattered altar of Ashenzari.
  2398 | D:2      | Found a glowing golden altar of the Shining One.
  2401 | D:2      | Found an iron altar of Okawaru.
  2702 | D:3      | Noticed Terence
  2790 | D:3      | Reached skill level 6 in Earth Magic
  3103 | D:3      | Reached XP level 5. HP: 28/28 MP: 2/8
  3589 | D:3      | Found a sacrificial altar of Ru.
  3682 | D:3      | Killed Terence
  4252 | D:4      | Noticed an ogre
  4391 | D:4      | Noticed Grinder
  4391 | D:4      | Paralysed by Grinder for 7 turns
  4402 | D:4      | Paralysed by Grinder for 4 turns
  4634 | D:4      | Found a staircase to the Ecumenical Temple.
  4636 | D:4      | Noticed Blork the orc
  4643 | Temple   | Entered the Ecumenical Temple
  4653 | Temple   | Killed Blork the orc
  4653 | Temple   | Reached skill level 7 in Earth Magic
  4653 | Temple   | Reached XP level 6. HP: 9/32 MP: 1/9
  4659 | Temple   | Became a worshipper of Vehumet
  4896 | D:5      | Entered Level 5 of the Dungeon
  5345 | D:4      | Killed an ogre
  5345 | D:4      | Reached XP level 7. HP: 36/36 MP: 3/10
  5732 | D:4      | Reached skill level 5 in Conjurations
  5732 | D:4      | Reached skill level 8 in Earth Magic
  5855 | D:4      | Noticed Eustachio
  6536 | D:5      | Reached XP level 8. HP: 28/41 MP: 1/11
  6747 | D:5      | Learned a level 5 spell: Lee's Rapid Deconstruction
  6807 | D:5      | Reached skill level 9 in Earth Magic
  6847 | D:5      | Reached skill level 1 in Fighting
  6949 | D:5      | Acquired Vehumet's first power
  6949 | D:5      | Offered knowledge of Magic Dart by Vehumet.
  7770 | D:5      | Found Uluva's Assorted Antiques.
  7962 | D:5      | Found a stormy altar of Qazlal.
  8791 | D:6      | Reached skill level 5 in Fighting
  8791 | D:6      | Reached XP level 9. HP: 52/54 MP: 12/14
  8983 | D:6      | Found a blossoming altar of Fedhas.
  9020 | D:6      | Found a glowing golden altar of the Shining One.
  9744 | D:6      | Offered knowledge of Freeze by Vehumet.
  9758 | D:6      | Reached skill level 1 in Evocations
  9815 | D:6      | Reached skill level 1 in Armour
 11020 | D:6      | Reached skill level 10 in Earth Magic
 12397 | D:8      | Reached XP level 10. HP: 56/63 MP: 6/16
 12687 | D:9      | Slain by a killer bee

Action                   |  1- 3 |  4- 6 |  7- 9 | 10-12 || total
-------------------------+-------+-------+-------+-------++-------
Melee: Unarmed           |   430 |       |       |       ||   430
       Dagger            |     5 |    27 |    72 |       ||   104
       Short sword       |       |    55 |     9 |       ||    64
       Mace              |       |       |   155 |     9 ||   164
 Cast: Sandblast         |    83 |   131 |   348 |    35 ||   597
       Stone Arrow       |       |     1 |    32 |       ||    33
  Use: Scroll            |     1 |     9 |     4 |     1 ||    15
       Potion            |       |       |     2 |     2 ||     4
  Eat: Chunk             |     6 |     9 |    19 |     1 ||    35
       Fruit             |       |     1 |     9 |       ||    10
       Pizza             |       |     1 |       |       ||     1
       Beef jerky        |       |     1 |       |       ||     1
